 Dungeon Crawl Stone Soup version 0.17-a0-1997-ga88ed7d (webtiles) character file.

148363 Mordenkainen the Eclecticist (level 16, 0/76 HPs)
             Began as a Deep Elf Wizard on Oct 8, 2015.
             Was the Champion of Ashenzari.
             Killed from afar by a deep elf high priest (39 damage)
             ... with a burst of hellfire
             ... on level 3 of the Elven Halls.
             The game lasted 03:59:40 (35708 turns).

Mordenkainen the Eclecticist (Deep Elf Wizard)     Turns: 35708, Time: 03:59:40

Health: 0/76       AC: 14    Str:  2      XL:     16   Next: 94%
Magic:  29/51      EV: 14    Int: 26 (27) God:    Ashenzari [******]
Gold:   1921       SH:  2    Dex: 18      Spells: 10 memorised, 16 levels left

rFire  + + .     SeeInvis +     v - +4 long sword of the Salmon {drain, +Blink rF+ Dex+2}
rCold  + + +     Clarity  +     Q - +2 robe {Archmagi}
rNeg   . . .     SustAt   .     (no shield)
rPois  +         Gourm    .     z - +2 helmet
rElec  .         Spirit   .     Y - +0 cloak
rCorr  .         Warding  .     H - +1 pair of gloves
rMut   .         Stasis   .     (no boots)
MR     +....                    g - amulet of regeneration
Stlth  +++.......               q - ring of magical power
                                Z - ring "Piwooprienn" {rF+ rC+++ Str-2 Int-2 Dex+3}

@: repel missiles, somewhat resistant to hostile enchantments, fairly stealthy
A: claws 1, large bone plates 1, yellow scales 1, clarity, deterioration 1,
dopey 1, poison resistance, MP-powered wands
a: Scrying, Transfer Knowledge, Renounce Religion, Evoke Blink


You were on level 3 of the Elven Halls.
You worshipped Ashenzari.
Ashenzari was exalted by your worship.
You were very hungry.

You visited 5 branches of the dungeon, and saw 27 of its levels.
You also visited: Ossuary, Bailey and Ice Cave.

You collected 4166 gold pieces.
You spent 2245 gold pieces at shops.

Inventory:

Hand Weapons
 v - the +4 long sword of the Salmon (weapon) {drain, +Blink rF+ Dex+2}
   (You bought it in a shop on level 4 of the Dungeon)

   A truly terrible weapon, it drains the life of those it strikes.
   It affects your dexterity (+2).
   It protects you from fire.
   It lets you blink.
Armour
 z - a +2 helmet (worn)
 H - a +1 pair of gloves (worn)
 Q - a +2 robe of the Archmagi (worn)
 Y - a +0 cloak (worn)
Jewellery
 g - an amulet of regeneration (around neck)
 j - an uncursed ring of protection from magic
 q - a ring of magical power (right hand)
 B - an uncursed ring of protection from fire
 C - an uncursed ring of protection from fire
 G - the ring "Qoiclyuc" {MP-9 Str+3 Dex+3 SInv}
   (You found it on level 4 of the Dungeon)

   [ring of see invisible]

   It affects your strength (+3).
   It affects your dexterity (+3).
   It affects your magic capacity (-9).
   It lets you see invisible.
 Z - the ring "Piwooprienn" (left hand) {rF+ rC+++ Str-2 Int-2 Dex+3}
   (You found it in an ice cave)

   [ring of protection from fire]

   It affects your strength (-2).
   It affects your intelligence (-2).
   It affects your dexterity (+3).
   It protects you from fire.
   It renders you almost immune to cold.
Wands
 A - a wand of lightning (9)
 X - a wand of digging (12)
Scrolls
 a - 3 scrolls of remove curse
 c - 3 scrolls of enchant armour
 e - 4 scrolls of fear
 m - a scroll of curse jewellery
 n - a scroll of vulnerability
 o - 4 scrolls of teleportation
 p - 7 scrolls of recharging
 r - 8 scrolls of amnesia
 s - 8 scrolls of enchant weapon
 y - 3 scrolls of immolation
 F - a scroll of summoning
 M - 3 scrolls of curse weapon
 N - a scroll of magic mapping
 U - 2 scrolls of fog
 V - a scroll of brand weapon
 W - a scroll of torment
Potions
 b - a potion of cure mutation {unknown}
 f - 3 potions of resistance
 h - 5 potions of haste
 i - 2 potions of beneficial mutation {unknown}
 l - 12 potions of curing
 t - 3 potions of ambrosia
 w - 9 potions of flight
 x - 5 potions of brilliance
 D - a potion of berserk rage {unknown}
 I - 2 potions of heal wounds
 J - 4 potions of cancellation
 K - 5 potions of agility
 O - 5 potions of might
 P - a potion of invisibility {unknown}
 S - 3 potions of lignification
 T - a potion of magic
Comestibles
 d - 13 bread rations
 u - 14 fruits
 E - 2 meat rations
 L - 2 slices of pizza
 R - 4 beef jerkies


   Skills:
 - Level 3.2 Dodging
 - Level 3.2 Stealth
 - Level 20.0 Spellcasting
 - Level 18.5 Conjurations
 - Level 3.0 Charms
   Level 1.1 Summonings
 - Level 3.2 Translocations
 * Level 18.8 Fire Magic
 - Level 3.2 Air Magic
 - Level 3.3 Poison Magic


You had 16 spell levels left.
You knew the following spells:

 Your Spells              Type           Power        Failure   Level  Hunger
a - Magic Dart            Conj           ####         0%          1    None
b - Blink                 Tloc           N/A          1%          2    None
c - Repel Missiles        Chrm/Air       ######       1%          2    None
d - Sublimation of Blood  Necr           #####.....   2%          2    None
e - Conjure Flame         Conj/Fire      ########     0%          3    None
f - Poison Arrow          Conj/Pois      #######...   3%          6    ##.....
h - Mephitic Cloud        Conj/Pois/Air  #######.     1%          3    None
k - Fire Storm            Conj/Fire      ########..   63%         9    #######
l - Tornado               Air            ######....   100%        9    #######
y - Swiftness             Chrm/Air       ######..     1%          2    None


Dungeon Overview and Level Annotations

Branches:
Dungeon (11/15)            Temple (1/1) D:4            Lair (8/8) D:11
  Swamp (0/4) Lair:3        Snake (0/4) Lair:4        Slime (0/6) Lair:7
    Orc (4/4) D:10            Elf (3/3) Orc:3

Altars:
Ashenzari
Cheibriados
Dithmenos
Elyvilon
Fedhas
Gozag
Kikubaaqudgha
Makhleb
Nemelex Xobeh
Okawaru
Qazlal
Ru
Sif Muna
Trog
Vehumet
Xom
Yredelemnul
Zin
The Shining One
Beogh
Jiyva

Shops:
D:4 (   D:10 (%*%   Orc:4 ==*}   Elf:1 [[[(   Elf:2 =

Portals:
Hell: Lair:8
Trove: Elf:1 (give 11 potions of heal wounds)

Annotations:
Lair:6 Maka's ghost, experienced GrMo
Elf:2 3 runed doors, exclusion: 3 doors


Innate Abilities, Weirdness & Mutations

You have sharp fingernails.
You are partially covered in large bone plates (AC +2, SH +2).
You are partially covered in yellow scales (AC +2).
You possess an exceptional clarity of mind.
Your body sometimes deteriorates upon taking damage.
You are dopey. (Int -2)
Your system is resistant to poisons.
You expend magic power (3 MP) to strengthen your wands.


Message History

Press: ? - help, Shift-Dir - straight line, f - deep elf mage
Aim: a deep elf mage, wielding an enchanted dagger You feel a surge of power!
The poison arrow hits the deep elf mage.
The deep elf mage is poisoned.
You kill the deep elf mage!
Casting: Poison Arrow
Confirm with . or Enter, or press ? or * to list all spells.
Aiming: Poison Arrow
Press: ? - help, Shift-Dir - straight line, f - deep elf high priest
Aim: a deep elf high priest, wielding an ivory hand axe {flame}, wearing a leather armour of poison resistance, wearing a clouded silver ring and quivering 17 arrows (heavily wounded, poisoned)
You feel a surge of power!
The poison arrow hits the deep elf high priest.
The deep elf high priest partially resists.
The deep elf high priest looks even sicker.
The deep elf high priest is almost dead.
The deep elf high priest mumbles some strange prayers to its god against you.
The hellfire explodes!
The burst of hellfire engulfs you!
Ouch! That really hurt!
You die...

#################################
..)..).).)....)..................
..................)..............
###'######)######)####'###'######
....#....)..#..)..).....#........
....).)....)))...)#.....#........
....#.....(.#).)..#.....'........
################)################
#@# #.# ##.## * ##..)## * ** *
##..)).## * , , #...).e.#* **, ,*
,, ** *#....))...# **,,, , * ,, *
*#.{.....)..)# , , ** ,
#e.....#......# * , , *


You could see a deep elf high priest.

Vanquished Creatures
  3 deep elf blademasters (Elf:3)
  A deep elf master archer (Elf:3)
  Wiglaf (Elf:3)
  6 deep elf sorcerers (Elf:3)
  An orc warlord (Orc:3)
  4 deep elf demonologists
  10 deep elf annihilators (Elf:3)
  2 dire elephants (Lair:8)
  Snorg (Orc:1)
  5 deep elf death magi
  2 deep elf high priests (Elf:3)
  Fannar (Lair:1)
  2 ice dragons (IceCv)
  A catoblepas (Lair:6)
  7 hydras
  3 death yaks (Lair:8)
  A queen ant (Lair:8)
  2 dancing weapons (Elf:2)
  5 orc high priests
  11 deep elf knights
  A wizard (Lair:8)
  Nergalle (Lair:4)
  A sun demon (Lair:8)
  A fire crab (Lair:6)
  A lindwurm (Lair:4)
  10 deep elf summoners
  A swamp dragon (Lair:3)
  2 ice statues (IceCv)
  Pikel (D:5)
  10 deep elf conjurers
  3 unseen horrors
  An ugly thing (D:8)
  A necromancer (Elf:1)
  4 orc sorcerers
  7 orc knights
  A sixfirhy (Lair:8)
  5 griffons
  9 black mambas
  Maurice (Orc:1)
  35 elephants
  17 spiny frogs
  2 orange demons (Lair:8)
  A torpor snail (Lair:6)
  11 komodo dragons
  A smoke demon (Lair:8)
  3 large abominations (Elf:1)
  5 trolls
  3 deep elf priests (Elf:1)
  A queen bee (Lair:1)
  2 red devils (Lair:8)
  4 fire drakes
  A polar bear (Lair:4)
  6 blue devils (Lair:8)
  A small abomination (Elf:3)
  The ghost of Maka the Ruffian, an amateur DrTm of Okawaru (D:5)
  2 boulder beetles
  2 two-headed ogres
  8 blink frogs
  A slime creature (Lair:7)
  Duvessa (D:5)
  Sigmund (D:2)
  50 yaks
  A trapdoor spider (D:10)
  12 hippogriffs
  Eustachio (D:5)
  15 deep elf magi
  A steam dragon (Lair:3)
  3 basilisks
  A warg (Orc:4)
  25 deep elf fighters
  3 hungry ghosts
  Menkaure (D:6)
  16 wolves
  Edmund (D:5)
  6 soldier ants (Lair:8)
  A mottled dragon (D:11)
  39 orc warriors
  7 porcupines
  17 water moccasins
  2 sky beasts (D:9)
  5 ogres
  3 eyes of draining
  4 phantoms
  2 slaves (D:5)
  12 crocodiles
  17 ice beasts
  5 centaurs
  A brain worm (Lair:7)
  18 giant frogs
  4 big kobolds
  5 elf zombies (Elf:1)
  A gnoll sergeant (D:7)
  A wyvern skeleton (D:8)
  A scorpion (D:5)
  14 wights
  23 killer bees
  4 electric eels
  5 hounds
  2 crimson imps (D:8)
  2 centaur zombies
  5 iguanas
  A jelly (shapeshifter) (Elf:2)
  2 jellies
  A quasit (D:8)
  3 centaur skeletons
  23 orc priests
  31 worker ants
  18 orc wizards
  14 sheep
  A big kobold zombie (Ossuary)
  A hound zombie (D:11)
  4 hound skeletons
  5 mummies (Ossuary)
  A worker ant zombie (D:11)
  9 adders
  18 gnolls
  38 river rats
  11 white imps
  A shadow imp (D:7)
  An ooze (D:2)
  6 worms
  4 giant geckos
  166 orcs
  2 ball pythons
  5 giant cockroaches
  A gnoll zombie (Ossuary)
  13 goblins
  8 hobgoblins
  5 jackals
  11 kobolds
  4 bats
  A giant gecko skeleton (D:4)
  A giant newt (D:5)
  4 hobgoblin zombies (Ossuary)
  A kobold zombie (Ossuary)
  An orc zombie (Ossuary)
  3 quokkas
  A quokka zombie (D:8)
  11 rats
  A crawling corpse (Elf:3)
  A fungus (Lair:5)
1008 creatures vanquished.

Vanquished Creatures (collateral kills)
  A killer bee (Lair:1)
  2 mummies (Ossuary)
3 creatures vanquished.

Vanquished Creatures (others)
  2 slaves (D:5)
  Dowan (D:5)
  A jelly (D:5)
  A hound skeleton (D:5)
  A mummy (Ossuary)
  A gnoll (D:5)
  A white imp (Lair:8)
  70 fungi
  16 plants
94 creatures vanquished.

Grand Total: 1105 creatures vanquished

Notes
Turn   | Place    | Note
--------------------------------------------------------------
     0 | D:1      | Mordenkainen the Deep Elf Wizard began the quest for the Orb.
     0 | D:1      | Reached XP level 1. HP: 10/10 MP: 7/7
   213 | D:1      | Reached XP level 2. HP: 1/15 MP: 0/9
   637 | D:2      | Found a shadowy altar of Dithmenos.
   933 | D:2      | Reached XP level 3. HP: 19/19 MP: 3/10
  1119 | D:2      | Noticed Sigmund
  1156 | D:3      | Learned a level 2 spell: Blink
  1159 | D:3      | Learned a level 2 spell: Repel Missiles
  1163 | D:3      | Learned a level 3 spell: Mephitic Cloud
  1476 | D:3      | Reached XP level 4. HP: 11/24 MP: 6/12
  1673 | D:2      | Learned a level 3 spell: Conjure Flame
  1819 | D:2      | Killed Sigmund
  1819 | D:2      | Reached skill level 5 in Conjurations
  1819 | D:2      | Reached skill level 1 in Charms
  1819 | D:2      | Reached skill level 1 in Fire Magic
  1819 | D:2      | Reached skill level 1 in Air Magic
  1819 | D:2      | Reached skill level 1 in Poison Magic
  1819 | D:2      | Reached XP level 5. HP: 28/28 MP: 1/14
  1867 | D:3      | Reached XP level 6. HP: 32/32 MP: 5/15
  2050 | D:3      | Reached skill level 5 in Spellcasting
  2647 | D:4      | Found Ifisaiw's Antique Weapon Emporium.
  2701 | D:4      | Got a coiled brass ring
  2777 | D:4      | Found a staircase to the Ecumenical Temple.
  2894 | Temple   | Entered the Ecumenical Temple
  2934 | Temple   | Identified the ring "Qoiclyuc" {MP-9 Str+3 Dex+3 SInv} (You found it on level 4 of the Dungeon)
  2934 | Temple   | Became a worshipper of Ashenzari the Shackled
  3237 | D:5      | Entered Level 5 of the Dungeon
  3252 | D:5      | Noticed Eustachio
  3266 | D:5      | Killed Eustachio
  3266 | D:5      | Reached XP level 7. HP: 36/36 MP: 6/17
  3340 | D:5      | Reached skill level 6 in Conjurations
  3395 | D:5      | Noticed Pikel
  3421 | D:5      | Killed Pikel
  3421 | D:5      | Reached XP level 8. HP: 41/41 MP: 0/18
  3514 | D:5      | Found a sacrificial altar of Ru.
  3521 | D:5      | Noticed Maka's ghost (amateur DrTm)
  3626 | D:5      | Killed Dowan
  3692 | D:5      | Noticed Duvessa
  3752 | D:5      | Killed Duvessa
  3752 | D:5      | Reached skill level 7 in Conjurations
  3862 | D:5      | Noticed Edmund
  3916 | D:5      | Killed Edmund
  3991 | D:5      | Acquired Ashenzari's first power
  4201 | D:4      | Bought an ancient dagger for 217 gold pieces
  4201 | D:4      | Identified the +3 dagger "Hewocoz" {vamp, +Blink +Rage rPois} (You bought it in a shop on level 4 of the Dungeon)
  4270 | D:6      | Found a sand-covered staircase.
  4274 | Ossuary  | Entered an ossuary
  4517 | Ossuary  | Reached skill level 8 in Conjurations
  4765 | D:6      | Noticed Menkaure
  5034 | D:6      | Acquired Ashenzari's second power
  5558 | D:7      | Reached XP level 9. HP: 45/45 MP: 17/22
  6279 | D:8      | Noticed a purple ugly thing
  6377 | D:8      | Reached skill level 9 in Conjurations
  6627 | D:8      | Acquired Ashenzari's third power
  6673 | D:8      | Killed a purple ugly thing
  6673 | D:8      | Reached skill level 10 in Conjurations
  6678 | D:8      | Gained mutation: You are dopey. (Int -2) [mutagenic meat]
  6679 | D:8      | Gained mutation: You occasionally shout uncontrollably at your foes. [mutagenic meat]
  6680 | D:8      | Lost mutation: You occasionally shout uncontrollably at your foes. [mutagenic meat]
  6681 | D:8      | Gained mutation: You are very dopey. (Int -4) [mutagenic meat]
  7399 | D:8      | Reached skill level 11 in Conjurations
  7560 | D:5      | Killed Maka's ghost
  7617 | D:4      | Bought a bloodstained long sword for 263 gold pieces
  7617 | D:4      | Identified the +4 long sword of the Salmon {drain, +Blink rF+ Dex+2} (You bought it in a shop on level 4 of the Dungeon)
  7853 | D:9      | Reached XP level 10. HP: 32/50 MP: 19/25
  8254 | D:9      | Reached skill level 10 in Spellcasting
  8358 | D:9      | Acquired Ashenzari's fourth power
  8549 | D:9      | Reached skill level 12 in Conjurations
  8851 | D:9      | Noticed a two-headed hydra
  9086 | D:9      | Killed a two-headed hydra
  9141 | D:10     | Entered Level 10 of the Dungeon
  9147 | D:10     | Reached skill level 13 in Conjurations
  9163 | D:10     | Found Pypaxzew's Assorted Antiques.
  9166 | D:10     | Bought a scroll labeled EPUPAUWKYOK for 26 gold pieces
  9166 | D:10     | Bought a scroll labeled AMUAZA KUSE for 26 gold pieces
  9166 | D:10     | Bought a viscous white potion for 23 gold pieces
  9166 | D:10     | Bought a fizzy brown potion for 23 gold pieces
  9166 | D:10     | Bought a scroll labeled PINEEN XAWUSO for 26 gold pieces
  9166 | D:10     | Bought a bubbling purple potion for 23 gold pieces
  9200 | D:10     | Noticed an unseen horror
  9209 | D:10     | Noticed an unseen horror
  9231 | D:10     | Killed an unseen horror
  9307 | D:10     | Killed an unseen horror
  9307 | D:10     | Reached XP level 11. HP: 29/54 MP: 12/28
  9452 | D:10     | Found a staircase to the Orcish Mines.
  9481 | D:10     | Found Tiesujyd's Food Shop.
 10358 | D:10     | Found Udurchov's Food Shop.
 10364 | D:10     | Found Titeq's Antique Weapon Boutique.
 10489 | D:10     | Reached skill level 14 in Conjurations
 11164 | D:11     | Found a stormy altar of Qazlal.
 11195 | D:11     | Noticed an unseen horror
 11228 | D:11     | Killed an unseen horror
 11306 | D:11     | Reached skill level 15 in Conjurations
 11637 | D:11     | Found a staircase to the Lair.
 11748 | Orc:1    | Entered Level 1 of the Orcish Mines
 11752 | Orc:1    | Noticed Maurice
 11773 | Orc:1    | Killed Maurice
 11962 | Orc:1    | Noticed Snorg
 12177 | Orc:1    | Killed Snorg
 12477 | Orc:2    | Found a flagged portal.
 12496 | Bailey   | Entered a bailey
 12496 | Bailey   | Acquired Ashenzari's fifth power
 13156 | Orc:2    | Reached XP level 12. HP: 56/59 MP: 20/31
 13612 | Orc:3    | Noticed an orc warlord
 13907 | Lair:1   | Entered Level 1 of the Lair of Beasts
 14113 | Lair:1   | Noticed Fannar
 14120 | Lair:1   | Killed Fannar
 14154 | Lair:1   | Reached skill level 16 in Conjurations
 14756 | D:10     | Bought a hardcover book for 390 gold pieces
 14768 | D:10     | Learned a level 6 spell: Poison Arrow
 14813 | Orc:3    | Killed an orc warlord
 15244 | Orc:3    | Found a roughly hewn altar of Beogh.
 15244 | Orc:3    | Noticed an orc high priest
 15293 | Orc:3    | Killed an orc high priest
 15664 | Orc:3    | Reached skill level 17 in Conjurations
 15970 | Orc:4    | Entered Level 4 of the Orcish Mines
 16599 | Orc:4    | Reached skill level 15 in Spellcasting
 17086 | Orc:4    | Reached XP level 13. HP: 63/63 MP: 27/34
 17200 | Orc:4    | Found Nogu's Gadget Shop.
 17200 | Orc:4    | Found Ohoseteice's Jewellery Emporium.
 17212 | Orc:4    | Found Zoeli's General Store.
 17212 | Orc:4    | Found Qaoq's Jewellery Emporium.
 17220 | Orc:4    | Bought a scroll of remove curse for 36 gold pieces
 17220 | Orc:4    | Bought a scroll of fear for 42 gold pieces
 17220 | Orc:4    | Bought a potion of cancellation for 96 gold pieces
 17220 | Orc:4    | Bought a beef jerky for 18 gold pieces
 17220 | Orc:4    | Bought 2 fruits for 36 gold pieces
 17223 | Orc:4    | Bought a cursed amulet of inaccuracy for 32 gold pieces
 17683 | Orc:3    | Found a staircase to the Elven Halls.
 17925 | Lair:2   | Reached skill level 18 in Conjurations
 18853 | Lair:3   | Found a staircase to the Swamp.
 19676 | Lair:4   | Noticed Nergalle
 19679 | Lair:4   | Killed Nergalle
 20638 | Lair:4   | Found a staircase to the Snake Pit.
 21141 | Lair:5   | Reached XP level 14. HP: 68/68 MP: 23/38
 21488 | Lair:5   | Reached skill level 19 in Spellcasting
 22838 | Lair:6   | Reached skill level 20 in Spellcasting
 23131 | Lair:6   | Noticed Maka's ghost (experienced GrMo)
 23154 | Lair:6   | Reached skill level 5 in Fire Magic
 24264 | Lair:7   | Found a staircase to the Slime Pits.
 24264 | Lair:7   | Found a viscous altar of Jiyva.
 24654 | Lair:8   | Entered Level 8 of the Lair of Beasts
 24769 | Lair:8   | Learned a level 2 spell: Swiftness
 25235 | Lair:8   | Found a frozen archway.
 25247 | IceCv    | Entered an ice cave
 26026 | IceCv    | Reached skill level 10 in Fire Magic
 26026 | IceCv    | Reached XP level 15. HP: 63/72 MP: 6/41
 26164 | IceCv    | Identified the ring "Piwooprienn" {rF+ rC+++ Str-2 Int-2 Dex+3}
 27960 | Lair:8   | Found a burning altar of Makhleb.
 28345 | Lair:8   | Found a gateway to Hell.
 28684 | Lair:4   | Learned a level 9 spell: Fire Storm
 28912 | D:8      | Learned a level 9 spell: Tornado
 29022 | D:4      | Bought an ebony great sword for 356 gold pieces
 29105 | D:6      | Killed Menkaure
 29491 | Lair:5   | Gained mutation: You have sharp fingernails. [potion of mutation]
 29491 | Lair:5   | Gained mutation: Your system is resistant to poisons. [potion of mutation]
 29491 | Lair:5   | Lost strength.
 29491 | Lair:5   | Gained mutation: You are weak. (Str -2) [potion of mutation]
 29495 | Lair:5   | Lost mutation: You are weak. (Str -2) [potion of mutation]
 29495 | Lair:5   | Gained mutation: You possess an exceptional clarity of mind. [potion of mutation]
 29496 | Lair:5   | Gained mutation: You are partially covered in large bone plates (AC +2, SH +2). [potion of mutation]
 29496 | Lair:5   | Gained mutation: You are partially covered in yellow scales (AC +2). [potion of mutation]
 29496 | Lair:5   | Lost mutation: You are very dopey. (Int -4) [potion of mutation]
 29741 | Elf:1    | Entered Level 1 of the Elven Halls
 30176 | Elf:1    | Found Nink's Armour Shoppe.
 30184 | Elf:1    | Found Sibeq's Antique Armour Shoppe.
 30203 | Elf:1    | Gained mutation: Your body sometimes deteriorates upon taking damage. [potion of mutation]
 30203 | Elf:1    | Gained mutation: You expend magic power (3 MP) to strengthen your wands. [potion of mutation]
 30349 | Elf:1    | Found Dinuosai's Armour Emporium.
 30659 | Elf:1    | Identified Borgnjor's Incunabulum of Evil
 30663 | Elf:1    | Learned a level 2 spell: Sublimation of Blood
 30920 | Elf:1    | Found Hoziv's Distillery.
 31173 | Elf:1    | Bought a potion of curing for 36 gold pieces
 31173 | Elf:1    | Bought a potion of magic for 96 gold pieces
 31173 | Elf:1    | Bought a potion of might for 48 gold pieces
 31173 | Elf:1    | Bought a potion of degeneration for 12 gold pieces
 31173 | Elf:1    | Bought a potion of resistance for 120 gold pieces
 31173 | Elf:1    | Bought a potion of agility for 48 gold pieces
 31173 | Elf:1    | Bought a potion of might for 48 gold pieces
 31173 | Elf:1    | Bought a potion of ambrosia for 96 gold pieces
 31173 | Elf:1    | Bought a potion of lignification for 36 gold pieces
 31173 | Elf:1    | Bought 2 potions of degeneration for 24 gold pieces
 31173 | Elf:1    | Bought a potion of might for 48 gold pieces
 31181 | Elf:1    | Found Foex's Weapon Shop.
 31496 | Elf:1    | Found a portal to a secret trove of treasure.
 31859 | Elf:2    | Found Xaboulur's Jewellery Shoppe.
 31936 | Elf:2    | Reached skill level 15 in Fire Magic
 32176 | Elf:2    | Reached XP level 16. HP: 76/76 MP: 20/42
 32728 | Elf:2    | Found a runed gate.
 32728 | Elf:2    | Found a runed gate.
 32728 | Elf:2    | Found a runed gate.
 32854 | Elf:3    | Entered Level 3 of the Elven Halls
 33018 | Elf:3    | Noticed Wiglaf
 33042 | Elf:3    | Killed Wiglaf
 33821 | Elf:3    | Noticed a deep elf blademaster
 33834 | Elf:3    | Killed a deep elf blademaster
 34518 | Elf:3    | Noticed a deep elf master archer
 34521 | Elf:3    | Noticed a deep elf blademaster
 34537 | Elf:3    | Killed a deep elf blademaster
 35076 | Elf:3    | Noticed a deep elf blademaster
 35127 | Elf:3    | Killed a deep elf blademaster
 35566 | Elf:3    | Noticed a deep elf master archer
 35634 | Elf:3    | Killed a deep elf master archer
 35634 | Elf:3    | Identified the ring of Ruokuta {+/*Tele rF+ MR+} (You took it off a deep elf master archer on level 3 of the Elven Halls)
 35708 | Elf:3    | Killed from afar by a deep elf high priest

Vault maps used:
D:1:      lightli_iron_boxes, lemuel_another_geyser
D:2:      nicolae_dithmenos_through_a_glass_darkly, first_bread, uniq_sigmund
D:4:      minmay_temple_entry_statues_fountains, serial_shops, shop
D:5:      wad_woods_tower, nicolae_ru_path_of_blood, uniq_eustachio, uniq_pikel,
          uniq_duvessa, uniq_edmund
D:6:      lightli_ossuary_entry_decrepit_ruins, uniq_menkaure
D:9:      hangedman_ranch
D:10:     david_orc_2, serial_shops, shop, shop, shop, shop, special_room
D:11:     lair_0_dummy, grunt_qazlal_sundering
Temple:   grunt_circular_temple_18
Lair:1:   special_room, serial_bayou_shore_b, uniq_fannar
Lair:2:   serial_bayou_shore_a
Lair:3:   minmay_swamp_entry_reptiles
Lair:4:   mu_elephants_graveyard, dummy_snake_entry, infiniplex_staircase_pool,
          uniq_nergalle
Lair:5:   nicolae_quartered_pool_medium
Lair:6:   grunt_megastairs_2, infiniplex_staircase_pool_2
Lair:7:   slime_altar_1, lemuel_fruit_fields
Lair:8:   evil_forest, portal_ice_cave_entry_imps, minmay_another_anthill
Orc:1:    uniq_maurice, uniq_snorg
Orc:2:    enter_bailey_3, nicolae_orc_pool_cavern
Orc:3:    orc_temple
Orc:4:    grunt_orc_tribal_feast, lightli_orcish_oven
Elf:1:    eino_elf_arrival_sip, serial_shops, nicolae_shop_trees,
          nicolae_shop_statue_plus, nicolae_shop_trees, shop,
          nicolae_shop_temple_entry_statues_fountains,
          nicolae_trove_entry_crystal, minmay_elf_necromancy
Elf:2:    serial_shops, shop
Elf:3:    minmay_elf_hall_four_x, uniq_wiglaf
Ossuary:  ossuary_tomb_3
Bailey:   bailey_polearm_4, bailey
IceCv:    ice_cave_small_dragons

Action                   |  1- 3 |  4- 6 |  7- 9 | 10-12 | 13-15 | 16-18 || total
-------------------------+-------+-------+-------+-------+-------+-------++-------
Melee: Unarmed           |     4 |       |       |       |       |       ||     4
       Flail             |       |       |    37 |       |       |       ||    37
       Long sword        |       |       |    17 |   461 |   295 |     7 ||   780
 Fire: Hunting sling     |    23 |    26 |       |       |       |       ||    49
Throw: Stone             |       |       |    18 |       |       |       ||    18
 Cast: Magic Dart        |    86 |   114 |   316 |   695 |   136 |     8 ||  1355
       Mephitic Cloud    |     1 |     7 |    11 |    84 |    20 |     9 ||   132
       Conjure Flame     |       |     3 |    24 |    39 |    19 |     6 ||    91
       Blink             |       |     1 |    22 |    36 |    16 |     4 ||    79
       Repel Missiles    |       |       |       |     5 |     2 |     2 ||     9
       Poison Arrow      |       |       |       |    50 |   439 |   134 ||   623
       Swiftness         |       |       |       |       |     5 |     2 ||     7
Evoke: Wand              |       |       |    16 |    38 |    10 |       ||    64
  Use: Scroll            |       |     4 |     5 |    12 |    19 |     5 ||    45
       Potion            |       |       |       |       |    10 |     2 ||    12
 Stab: Confused          |       |       |     6 |    12 |     5 |       ||    23
       Sleeping          |       |       |     1 |     2 |       |       ||     3
       Distracted        |       |       |       |     1 |       |       ||     1
  Eat: Chunk             |     1 |     5 |    19 |    47 |    76 |    13 ||   161
       Pizza             |       |       |     1 |       |       |       ||     1
       Fruit             |       |       |       |       |     8 |       ||     8
